 Dungeon Crawl Stone Soup version 0.28.0-47-ge53b351184 (webtiles) character file.

Game seed: 17403484873914293864

166 hawla the Firebug (level 5, 0/28 HPs)
             Began as a Deep Elf Fire Elementalist on May 10, 2022.
             Slain by an orc warrior
             ... wielding a +0 war axe
              (16 damage)
             ... on level 4 of the Dungeon.
             The game lasted 00:09:02 (2731 turns).

hawla the Firebug (Deep Elf Fire Elementalist)      Turns: 2731, Time: 00:09:02

Health: 0/28       AC:  7    Str:  5    XL:     5   Next: 22%
Magic:  3/11       EV: 13    Int: 22    God:
Gold:   96         SH:  0    Dex: 15    Spells: 7/10 levels left

rFire   . . .      SeeInvis +   (no weapon)
rCold   . . .      Faith    .   (no shield)
rNeg    . . .      Spirit   .   a - +0 robe
rPois   .          Reflect  .   k - +2 helmet {SInv}
rElec   .          Harm     .   (no cloak)
rCorr   .          Rampage  .   g - +1 pair of gloves
Will    .....                   (no boots)
Stlth   ++........              (no amulet)
HPRegen 0.09/turn               (no ring)
MPRegen 0.12/turn               (no ring)

@: no status effects
A: no striking features
a: no special abilities


You were on level 4 of the Dungeon.
You visited 1 branch of the dungeon, and saw 4 of its levels.

You collected 96 gold pieces.

Inventory:

Armour
 a - a +0 robe (worn)
 g - a +1 pair of gloves (worn)
 k - a +2 helmet of see invisible (worn)
Jewellery
 l - a +6 ring of strength
Wands
 m - a wand of mindburst (8)
Scrolls
 h - a scroll of teleportation
 i - 2 scrolls of fog
 j - a scroll of enchant weapon {unknown}
 n - a scroll of magic mapping {unknown}
 o - a scroll of holy word {unknown}
Potions
 b - 2 potions of curing


   Skills:
 + Level 0.2 Fighting
 + Level 2.9 Dodging
 + Level 2.9 Stealth
 - Level 3.0 Spellcasting
 + Level 3.1 Conjurations
 + Level 5.3 Fire Magic


You had 7 spell levels left.
You knew the following spells:

 Your Spells              Type           Power      Damage    Failure   Level
a - Foxfire               Conj/Fire      84%        2x1d8     2%          1
b - Scorch                Fire           52%        2d8       1%          2

Your spell library contained the following spells:

 Spells                   Type           Power      Damage    Failure   Level
 Conjure Flame            Conj/Fire      21%        6-21      7%          3
 Beastly Appendage        Tmut           6%         N/A       12%         1
 Slow                     Hex            12%        N/A       12%         1
 Inner Flame              Hex/Fire       15%        N/A       12%         3
 Wereblood                Tmut           3%         N/A       19%         2
 Ignite Poison            Fire/Tmut/Pois 11%        N/A       19%         3
 Flame Wave               Conj/Fire      21%        2d7       22%         4
 Sticky Flame             Conj/Fire      21%        2d4       22%         4
 Spider Form              Tmut/Pois      3%         N/A       36%         3
 Fulminant Prism          Conj/Hex       5%         3d7       54%         4
 Iskenderun's Mystic Bla  Conj/Tloc      10%        2d4       54%         4
 Lee's Rapid Deconstruct  Erth           1%         3d5*      98%         5


Dungeon Overview and Level Annotations

Branches:
Dungeon (4/15)
 Temple: D:4-7

Altars:
Qazlal


Message History

You conjure some foxfire!
The orc warrior shouts!
The orc shouts!
Casting: Foxfire (safe; 2% risk of failure)
Confirm with . or Enter, or press ? or * to list all spells.
Flames lash the orc.
The orc is almost dead.
The orc's fire resistance burns away.
The foxfire hits the orc!
The orc is burned terribly!
You kill the orc!
Casting: Scorch (safe; 1% risk of failure)
Confirm with . or Enter, or press ? or * to list all spells.
Flames lash the orc.
You kill the orc!
The foxfire hits the orc warrior but does no damage.
An orc comes into view. It is wielding a +0 club.
Casting: Scorch (safe; 1% risk of failure)
Confirm with . or Enter, or press ? or * to list all spells.
You conjure some foxfire!
The orc shouts!
Casting: Foxfire (safe; 2% risk of failure)
Confirm with . or Enter, or press ? or * to list all spells.
Flames lash the orc warrior.
The orc warrior is lightly wounded.
The orc warrior's fire resistance burns away.
The foxfire hits the orc warrior but does no damage.
The orc warrior is lightly wounded.
The foxfire hits the orc warrior but does no damage.
The orc warrior is lightly wounded.
Casting: Scorch (safe; 1% risk of failure)
Confirm with . or Enter, or press ? or * to list all spells.
You conjure some foxfire!
A quokka comes into view.
The orc warrior hits you with a +0 war axe!
Your foxfire dissipates!
The foxfire hits the orc warrior but does no damage.
The orc warrior is lightly wounded.
The orc warrior is no longer more vulnerable to fire.
The orc warrior hits you with a +0 war axe!
Ouch! That really hurt!
You die...

.# .# ###### .##
#....# ..
#....####.#
#...o.r.#.####.#
#..o###....)....
#.o...#...#####.
#@.(#.#......
#...#...[.....#
....#########...
#....# #. #....#
#....# #.##^. #.
.##


You could see an orc warrior and 2 orcs.

Vanquished Creatures
  A hound (D:3)
  5 adders
  4 worms
  2 dart slugs (D:2)
  3 orcs
  9 endoplasms
  2 giant cockroaches (D:1)
  5 goblins
  6 hobgoblins
  A jackal (D:3)
  11 kobolds
  A quokka (D:2)
  5 ball pythons
  12 bats
  4 frilled lizards
  2 rats
73 creatures vanquished.

Vanquished Creatures (others)
  153 foxfires
  2 fungi (D:2)
  3 plants (D:2)
158 creatures vanquished.

Grand Total: 231 creatures vanquished

Notes
Turn   | Place    | Note
-------+----------+-------------------------------------------
     0 | D:1      | hawla the Deep Elf Fire Elementalist began the quest for
                  | the Orb.
     0 | D:1      | Reached XP level 1. HP: 10/10 MP: 6/6
   214 | D:1      | Reached XP level 2. HP: 15/15 MP: 5/8
   385 | D:1      | Reached skill level 4 in Fire Magic
   678 | D:1      | Reached XP level 3. HP: 17/19 MP: 2/9
   819 | D:1      | You fall into a shaft and drop 1 floor!
   850 | D:2      | Learned a level 2 spell: Scorch
  1290 | D:2      | Found a faded altar of an unknown god.
  1296 | D:2      | Reached XP level 4. HP: 24/24 MP: 3/10
  1364 | D:2      | Got Plato's Incunabulum of Curses
  1813 | D:3      | Found a stormy altar of Qazlal.
  1857 | D:3      | Reached skill level 5 in Fire Magic
  2337 | D:3      | Reached XP level 5. HP: 28/28 MP: 7/11
  2717 | D:4      | Noticed an orc warrior
  2731 | D:4      | Slain by an orc warrior

Illustrated notes

Levels and vault maps discovered:
D:1:      mrwooster_arrival_statue, layout_rooms
D:2:      layout_rooms, shapermc_ecumenical_altar_rom_forum,
          corexii_leaking_fountain
D:3:      layout_rooms, mainiacjoe_overflow_alcove_2, serial_rivers,
          chequers_serial_rivers_micro_d, chequers_serial_rivers_small_b,
          chequers_serial_rivers_marsh, chequers_serial_rivers_micro_a,
          chequers_serial_rivers_small_b, chequers_serial_rivers_micro_c,
          minmay_misc_feat_chi, minmay_stone_trees_large,
          minmay_fractal_squares_5
D:4:      layout_basic

Skill      XL: |  1  2  3  4  5 |
---------------+----------------+-----
Fire Magic     | 4 5 |  5.3
Conjurations   | 2 3 |  3.1
Fighting       | |  0.2
Dodging        | |  2.9
Stealth        | |  2.9
Spellcasting   | |  3.0

Action                   |  1- 3 |  4- 6 || total
-------------------------+-------+-------++-------
Melee: Unarmed           |     3 |       ||     3
 Cast: Foxfire           |    52 |    34 ||    86
       Scorch            |     2 |    13 ||    15
  Use: Scroll            |       |     7 ||     7
Armor: Robe              |     5 |     4 ||     9
Dodge: Dodged            |    14 |     5 ||    19
